 Dungeon Crawl Stone Soup version 0.17.0-26-gececa24 (webtiles) character file.

152 shklvsk the Magician (level 5, 0/35 HPs)
             Began as a Mummy Wanderer on Nov 20, 2015.
             Slain by a gnoll (4 damage)
             ... on level 2 of the Dungeon.
             The game lasted 00:08:15 (3245 turns).

shklvsk the Magician (Mummy Wanderer)               Turns: 3245, Time: 00:08:16

Health: 0/35       AC:  2    Str: 14    XL:     5   Next: 11%
Magic:  2/9        EV: 11    Int: 14    God:
Gold:   170        SH:  0    Dex: 11    Spells: 3 memorised, 5 levels left

rFire  x . .     SeeInvis .     h - +3 hand axe
rCold  + . .     Clarity  .     d - +0 robe
rNeg   + + +     SustAt   .     (no shield)
rPois  ∞         Gourm    .     (no helmet)
rElec  .         Spirit   .     (no cloak)
rCorr  +         Warding  .     (no gloves)
rMut   .         Stasis   .     (no boots)
MR     .....                    l - amulet of resist corrosion {rCorr, !d}
Stlth  ++........               (no ring)
                                (no ring)

@: about to teleport, very slightly contaminated, not resistant to hostile
enchantments, unstealthy
A: no food or potions, fire vulnerability, cold resistance 1, negative energy
resistance 3, torment resistance, unbreathing
a: no special abilities


You were on level 2 of the Dungeon.
You were not hungry.

You visited 1 branch of the dungeon, and saw 3 of its levels.

You collected 170 gold pieces.

Inventory:

Hand Weapons
 e - a +0 club
 h - a +3 hand axe (weapon)
   (You found it on level 1 of the Dungeon)
Missiles
 f - 16 poisoned needles
 i - 154 stones (quivered)
Armour
 d - a +0 robe (worn)
 p - a cursed +0 plate armour
   (You took it off a kobold on level 2 of the Dungeon)
Jewellery
 l - an amulet of resist corrosion (around neck) {rCorr, !d}
   (You found it on level 2 of the Dungeon)
Scrolls
 c - a scroll of teleportation
 g - a scroll of remove curse {unknown}
 j - a scroll of fog {unknown}
 k - 5 scrolls of identify {unknown}
 m - a scroll of amnesia {unknown}
 n - a scroll of recharging {unknown}
 o - 3 scrolls of blinking {unknown}
 q - a scroll of magic mapping {unknown}
Books
 a - a Young Poisoner's Handbook
 b - the Collected Works on Aerial Combat Magic

   Spells                             Type                      Level
   a - Shock                          Conjuration/Air              1
   b - Mephitic Cloud                 Conjuration/Poison/Air       3


   Skills:
 * Level 2.0(2.1) Axes
 - Level 0.4(1.3) Maces & Flails
 + Level 0.4 Armour
 + Level 0.7 Dodging
 + Level 1.5 Stealth
   Level 1.5 Shields
 - Level 3.0 Spellcasting
 * Level 2.0 Conjurations
   Level 1.5 Summonings
 + Level 0.4 Air Magic
 - Level 2.4 Poison Magic


You had 5 spell levels left.
You knew the following spells:

 Your Spells              Type           Power        Failure   Level  Hunger
a - Sting                 Conj/Pois      #...         12%         1    N/A
b - Shock                 Conj/Air       #...         14%         1    N/A
x - Mephitic Cloud        Conj/Pois/Air  #.......     38%         3    N/A

Dungeon Overview and Level Annotations

Branches:
Dungeon (3/15)

Altars:


Innate Abilities, Weirdness & Mutations

You do not eat or drink.
Your flesh is vulnerable to fire.
You are immune to poison.
Your flesh is cold resistant.
You are immune to negative energy.
You are immune to unholy pain and torment.
You can survive without breathing.


Message History

Aim: a goblin, wielding a dagger The sting hits the goblin.
You kill the goblin!
Your Axes skill increases to level 2!
You now have 8/9 mp.
An adder comes into view.
Aim: an adder (hasn't noticed you)
The sting hits the adder.
The adder barely misses you.
You now have 7/9 mp.
You miscast Shock.
You are very lightly contaminated with residual magic.
Nothing appears to happen.
The adder barely misses you.
You now have 6/9 mp.
Aim: an adder (lightly wounded)
The sting hits the adder.
The adder is poisoned.
The adder bites you.
You take 3 damage, and have 32/35 hp.
You now have 5/9 mp.
You closely miss the adder. The adder closely misses you. The adder bites you.
You take 3 damage, and have 29/35 hp.
You miss the adder. The adder closely misses you.
You closely miss the adder. The adder barely misses you.
The adder completely misses you.
You hit the adder.
You kill the adder!
You see here an adder corpse.
You start resting.
Your magical contamination has completely faded away.
You regained 2 mp, and now have 8/9 mp.
You start resting.
Health restored: 35; MP restored: 9
Things that are here:
a dagger; a goblin corpse
q - a scroll labeled CAISANG FATUNI A gnoll comes into view.
The gnoll shouts!
Aim: a gnoll, wearing a ring mail The sting hits the gnoll.
The gnoll appears unharmed.
You now have 8/9 mp.
Aim: a gnoll, wearing a ring mail The sting hits the gnoll.
The gnoll appears unharmed.
You now have 7/9 mp.
Aim: a gnoll, wearing a ring mail The sting hits the gnoll.
The gnoll is poisoned.
You now have 6/9 mp.
You hit the gnoll. The gnoll hits you!
You take 9 damage, and have 26/35 hp.
MASSIVE DAMAGE!!
You barely miss the gnoll. The gnoll hits you but does no damage.
A gnoll comes into view. It is wielding a spear.
You closely miss the gnoll. The gnoll closely misses you.
The gnoll looks more healthy.
A gnoll comes into view. It is wielding a spear.
The gnoll shouts!
You see here a leather armour.
The gnoll hits you!
You take 8 damage, and have 20/35 hp.
MASSIVE DAMAGE!!
MP restored: 9
There is a stone staircase leading up here.
The gnoll hits you from afar with a spear.
The gnoll hits you.
You climb upwards.
There is a stone staircase leading down here.
You take 5 damage, and have 16/35 hp.
Aim: a gnoll, wearing a ring mail (moderately wounded)
The sting hits the gnoll.
The gnoll appears unharmed.
The gnoll closely misses you.
You now have 8/9 mp.
Aim: a gnoll, wearing a ring mail (moderately wounded)
The sting hits the gnoll.
The gnoll appears unharmed.
The gnoll completely misses you.
You now have 7/9 mp.
Aim: a gnoll, wearing a ring mail (moderately wounded)
You miscast Sting.
You are very lightly contaminated with residual magic.
Nothing appears to happen.
The gnoll hits you.
You take 1 damage, and have 16/35 hp.
You now have 6/9 mp.
Aim: a gnoll, wearing a ring mail (moderately wounded)
The sting hits the gnoll.
The gnoll appears unharmed.
The gnoll hits you.
You take 3 damage, and have 13/35 hp.
You now have 5/9 mp.
Aim: a gnoll, wearing a ring mail (moderately wounded)
The sting hits the gnoll.
The gnoll appears unharmed.
The gnoll hits you.
You take 2 damage, and have 11/35 hp.
You now have 4/9 mp.
Aim: a gnoll, wearing a ring mail (moderately wounded)
The sting hits the gnoll.
The gnoll appears unharmed.
The gnoll barely misses you.
Aim: a gnoll, wearing a ring mail (moderately wounded)
The zap hits the gnoll.
The gnoll appears unharmed.
The gnoll closely misses you.
You now have 3/9 mp.
Aim: a gnoll, wearing a ring mail (moderately wounded)
The sting hits the gnoll.
The gnoll appears unharmed.
The gnoll hits you!
* * * LOW HITPOINT WARNING * * *
You take 8 damage, and have 4/35 hp.
MASSIVE DAMAGE!!
You now have 2/9 mp.
Read which item? (? for menu, Esc to quit)
As you read the scroll of teleportation, it crumbles to dust.
You feel strangely unstable. The gnoll hits you.
You die...

#.......###########.####.#.
#.).....######### #.# #.#.
#...>...##......# #.# #.#.
#.......##......# #.# #.#.
#.......##......# #.# #.#.
#.......##!.....# #.# #...
#.......##......# #.# ####
#.......##......###.#######
#.....>..g@.....'..........
#.......##......###########
#.......##......#....%.#
#.......##......#......#
##########......#......#
#......#..)...####
#......#..........
###......####.#####.
#..............####'


You could see a gnoll.

Vanquished Creatures
  An orc priest (D:3)
  Jessica (D:3)
  A gnoll (D:3)
  3 adders
  An ooze (D:2)
  2 giant geckos
  An orc (D:3)
  3 ball pythons
  A giant cockroach (D:2)
  8 goblins
  8 hobgoblins
  A jackal (D:3)
  7 kobolds
  A quokka (D:2)
  3 bats
  2 giant newts
  6 rats
50 creatures vanquished.

Notes
Turn   | Place    | Note
--------------------------------------------------------------
     0 | D:1      | shklvsk the Mummy Wanderer began the quest for the Orb.
     0 | D:1      | shklvsk set off with: a Young Poisoner's Handbook, the Collected Works on Aerial Combat Magic, a scroll of teleportation, a +0 robe, a +0 club
     0 | D:1      | Reached XP level 1. HP: 13/13 MP: 4/4
     0 | D:1      | Identified the Collected Works on Aerial Combat Magic
     2 | D:1      | Learned a level 1 spell: Sting
     4 | D:1      | Learned a level 1 spell: Shock
   341 | D:1      | Reached XP level 2. HP: 10/19 MP: 4/6
   344 | D:1      | Reached skill level 1 in Conjurations
  1291 | D:2      | Reached skill level 1 in Axes
  1446 | D:2      | Reached XP level 3. HP: 18/24 MP: 3/7
  2193 | D:2      | Reached skill level 1 in Stealth
  2291 | D:2      | Learned a level 3 spell: Mephitic Cloud
  2299 | D:3      | Noticed Jessica
  2309 | D:3      | Killed Jessica
  2309 | D:3      | Reached XP level 4. HP: 28/30 MP: 6/8
  2766 | D:3      | HP: 7/30 [orc priest/flail (4)]
  2767 | D:3      | Reached skill level 2 in Conjurations
  2767 | D:3      | Reached XP level 5. HP: 8/35 MP: 1/9
  3131 | D:3      | Reached skill level 2 in Axes
  3244 | D:2      | HP: 4/35 [gnoll (8)]
  3245 | D:2      | Slain by a gnoll

Action                   |  1- 3 |  4- 6 || total
-------------------------+-------+-------++-------
Melee: Club              |    15 |       ||    15
       Hand axe          |    60 |    33 ||    93
 Cast: Sting             |    22 |    29 ||    51
       Shock             |     1 |     3 ||     4
  Use: Scroll            |       |     1 ||     1
 Stab: Sleeping          |     2 |       ||     2

Vault maps used:
D:1:      dpeg_arrival_round_a
D:3:      lemuel_castle_with_subvaults, lemuel_crystal_altar, first_bread,
          uniq_jessica, uniq_terence

Table legend:
 A = Turns spent in this place as a percentage of turns spent in the entire game.
 B = Non-inter-level travel turns spent in this place as a percentage of non-inter-level travel turns spent in the entire game.
 C = Inter-level travel turns spent in this place as a percentage of turns spent in this place.
 D = Turns resting spent in this place as a percentage of non-inter-level travel turns spent in this place.
 E = Turns spent auto-exploring this place as a percentage of non-inter-level travel turns spent in this place.
 F = Non-inter-level travel turns spent in this place divided by the number of levels of this place that you've seen.
                   A       B       C       D       E      F
               +-------+-------+-------+-------+-------+----------------------
         Total | 100.0 | 100.0 |   1.4 |   7.2 |   7.7 | 212.0
       Dungeon | 100.0 | 100.0 |   1.4 |   7.2 |   7.7 | 212.0
               +-------+-------+-------+-------+-------+----------------------

Table legend:
 A = Kills in this place as a percentage of kills in entire the game.
 B = Kills by you in this place as a percentage of kills by you in the entire game.
 C = Kills by friends in this place as a percentage of kills by friends in the entire game.
 D = Other kills in this place as a percentage of other kills in the entire game.
 E = Experience gained in this place as a percentage of experience gained in the entire game.
 F = Experience gained in this place divided by the number of levels of this place that you have seen.
                   A       B       C       D       E      F
               +-------+-------+-------+-------+-------+----------------------
         Total | 100.0 | 100.0 |  -nan |  -nan | 100.0 |  72.7
       Dungeon | 100.0 | 100.0 |  -nan |  -nan | 100.0 |  72.7
               +-------+-------+-------+-------+-------+----------------------
